| TOP OF THE 1ST |
|
Minnesota Twins batting - Pitching for Texas Rangers : RHP Mitsuo Kuriyama
|
|
Pitching: RHP Mitsuo Kuriyama
|
|
|
Batting: RHB Greg Harman
|
0-0: Ball 1-0: Ball 2-0: Foul Ball, location: 2F 2-1: Foul Ball, location: 2F 2-2: Ball 3-2: SINGLE (Groundball, 56D, EV 106.2 MPH)
|
|
Batting: LHB Per Meulengracht
|
0-0: Ball 1-0: Foul Ball, location: 2F 1-1: Foul Ball, location: 2F 1-2: Foul Ball, location: 2F 1-2: Ball 2-2: Ball 3-2: Base on Balls Greg Harman to second
|
|
Batting: RHB Hildo Pot
|
0-0: Called Strike 0-1: Foul Ball, location: 2F 0-2: Foul Ball, location: 2F 0-2: Ball 1-2: Ball 2-2: Fielders Choice at 2nd, 1-4 (Groundball, P, EV 66.9 MPH) Greg Harman to third
|
|
Batting: RHB Miguel Gonzalez
|
0-0: Ball 1-0: Ball Hildo Pot is caught stealing 2nd base 2-4 2-0: Ball 3-0: SINGLE (Line Drive, 8RS, EV 108.1 MPH) Greg Harman scores
|
|
Batting: RHB Matt Dunn
|
0-0: Called Strike 0-1: Swinging Strike 0-2: Strikes out swinging
|
| Top of the 1st over - 1 run, 2 hits, 0 errors, 1 left on base; Minnesota 1 - Texas 0 |
| BOTTOM OF THE 1ST |
|
Texas Rangers batting - Pitching for Minnesota Twins : RHP Scott Shank
|
|
Pitching: RHP Scott Shank
|
|
|
Batting: LHB Andy Bowman
|
0-0: Ball 1-0: Ground out 6-3 (Groundball, P, EV 81.9 MPH)
|
|
Batting: RHB Butch Kaiser
|
0-0: Ball 1-0: Called Strike 1-1: Ball 2-1: Swinging Strike 2-2: Foul Ball, location: 2F 2-2: Ball 3-2: Strikes out looking
|
|
Batting: SHB John Giesbrecht
|
0-0: Fly out, F9 (Flyball, 9D, EV 99.4 MPH)
|
| Bottom of the 1st over - 0 runs, 0 hits, 0 errors, 0 left on base; Minnesota 1 - Texas 0 |
| TOP OF THE 2ND |
|
Minnesota Twins batting - Pitching for Texas Rangers : RHP Mitsuo Kuriyama
|
|
Batting: RHB Miguel Diaz
|
0-0: Ball 1-0: Foul Ball, location: 2F 1-1: Ball 2-1: Ground out 4-3 (Groundball, 4S, EV 68.8 MPH)
|
|
Batting: SHB Bran Stark
|
0-0: Called Strike 0-1: Fly out, F7 (Flyball, 7LD, EV 90.6 MPH)
|
|
Batting: RHB Jesse Scott
|
0-0: Ball 1-0: Ball 2-0: Called Strike 2-1: Ball 3-1: Ground out 5-3 (Groundball, 56S, EV 81.9 MPH)
|
| Top of the 2nd over - 0 runs, 0 hits, 0 errors, 0 left on base; Minnesota 1 - Texas 0 |
| BOTTOM OF THE 2ND |
|
Texas Rangers batting - Pitching for Minnesota Twins : RHP Scott Shank
|
|
Batting: SHB Vince Ealy
|
0-0: Ball 1-0: Ball 2-0: Ball 3-0: Called Strike 3-1: Swinging Strike 3-2: Strikes out swinging
|
|
Batting: RHB Blake Ballard
|
0-0: Ball 1-0: Foul Ball, location: 2F 1-1: Swinging Strike 1-2: Ball 2-2: Ball 3-2: SINGLE (Groundball, 6S, EV 70.6 MPH) (infield hit)
|
|
Batting: RHB Zhao-ji Chi
|
0-0: SINGLE (Line Drive, 9S, EV 100.6 MPH) Blake Ballard to second Runner from 2nd tries for 3rd, SAFE, throw by RF made to third
|
|
Batting: LHB Josh Stuck
|
0-0: Called Strike 0-1: Ball 1-1: Called Strike 1-2: Ball 2-2: Foul Ball, location: 2F 2-2: Strikes out swinging
|
|
Batting: RHB Carlos Lopez
|
0-0: Ball 1-0: Foul Ball, location: 2F 1-1: Ball 2-1: SINGLE (Groundball, 56, EV 96.2 MPH) (infield hit) Blake Ballard scores Zhao-ji Chi to second
|
|
Batting: SHB Alvare Bairro
|
0-0: Ball 1-0: Hit by Pitch Zhao-ji Chi to third Carlos Lopez to second
|
|
Batting: LHB Andy Bowman
|
0-0: Ball 1-0: TRIPLE (Line Drive, 89XD, EV 110.0 MPH) Zhao-ji Chi scores Carlos Lopez scores Alvare Bairro scores
|
|
Batting: RHB Butch Kaiser
|
0-0: Ground out 5-3 (Groundball, 56, EV 91.2 MPH)
|
| Bottom of the 2nd over - 4 runs, 4 hits, 0 errors, 1 left on base; Minnesota 1 - Texas 4 |
| TOP OF THE 3RD |
|
Minnesota Twins batting - Pitching for Texas Rangers : RHP Mitsuo Kuriyama
|
|
Batting: LHB Chaim Huting
|
0-0: Ball 1-0: Foul Ball, location: 2F 1-1: Fly out, F8 (Flyball, 89M, EV 95.0 MPH)
|
|
Batting: RHB Greg Harman
|
0-0: Ball 1-0: Ball 2-0: Fly out, F9 (Flyball, 89M, EV 82.5 MPH)
|
|
Batting: LHB Per Meulengracht
|
0-0: Ball 1-0: Ball 2-0: Ball 3-0: Base on Balls
|
|
Pitching: RHP Takehide Tanaka
|
|
|
Batting: RHB Hildo Pot
|
0-0: Called Strike 0-1: Swinging Strike 0-2: Foul Ball, location: 2F 0-2: Ball 1-2: Ball 2-2: Strikes out swinging
|
| Top of the 3rd over - 0 runs, 0 hits, 0 errors, 1 left on base; Minnesota 1 - Texas 4 |
| BOTTOM OF THE 3RD |
|
Texas Rangers batting - Pitching for Minnesota Twins : RHP Scott Shank
|
|
Batting: SHB John Giesbrecht
|
0-0: Ball 1-0: Called Strike 1-1: Ball 2-1: Fly out, F2 (Popup, 25F, EV 85.0 MPH)
|
|
Batting: SHB Vince Ealy
|
0-0: Ball 1-0: Foul Ball, location: 2F 1-1: Called Strike 1-2: Ball 2-2: Strikes out looking
|
|
Batting: RHB Blake Ballard
|
0-0: Ball 1-0: Ground out 6-3 (Groundball, 6, EV 88.8 MPH)
|
| Bottom of the 3rd over - 0 runs, 0 hits, 0 errors, 0 left on base; Minnesota 1 - Texas 4 |
| TOP OF THE 4TH |
|
Minnesota Twins batting - Pitching for Texas Rangers : RHP Takehide Tanaka
|
|
Batting: RHB Miguel Gonzalez
|
0-0: Swinging Strike 0-1: Ball 1-1: Ground out 5-3 (Groundball, 25, EV 85.6 MPH)
|
|
Batting: RHB Matt Dunn
|
0-0: Fly out, F8 (Flyball, 8LXD, EV 103.8 MPH)
|
|
Batting: RHB Miguel Diaz
|
0-0: Ball 1-0: Foul Ball, location: 2F 1-1: Foul Ball, location: 2F 1-2: Foul Ball, location: 2F 1-2: Strikes out swinging
|
| Top of the 4th over - 0 runs, 0 hits, 0 errors, 0 left on base; Minnesota 1 - Texas 4 |
| BOTTOM OF THE 4TH |
|
Texas Rangers batting - Pitching for Minnesota Twins : RHP Scott Shank
|
|
Pitching: RHP Bill Rondeau
|
|
|
Batting: RHB Zhao-ji Chi
|
0-0: SINGLE (Line Drive, 78S, EV 85.6 MPH)
|
|
Batting: LHB Josh Stuck
|
0-0: Ball 1-0: Swinging Strike 1-1: Ball 2-1: Grounds into double play, 6-4-3 (Groundball, 6, EV 85.6 MPH)
|
|
Batting: RHB Carlos Lopez
|
0-0: Called Strike 0-1: Fly out, F9 (Flyball, 9S, EV 95.6 MPH)
|
| Bottom of the 4th over - 0 runs, 1 hit, 0 errors, 0 left on base; Minnesota 1 - Texas 4 |
| TOP OF THE 5TH |
|
Minnesota Twins batting - Pitching for Texas Rangers : RHP Takehide Tanaka
|
|
Now in CF: Martin Guerrero
|
|
|
Batting: SHB Bran Stark
|
0-0: Fly out, F8 (Line Drive, 8RM, EV 88.8 MPH)
|
|
Batting: RHB Jesse Scott
|
0-0: Ball 1-0: Called Strike 1-1: Ball 2-1: Foul Ball, location: 2F 2-2: Ball 3-2: Foul Ball, location: 2F 3-2: Ground out 1-3 (Groundball, 25, EV 65.6 MPH)
|
|
Batting: LHB Chaim Huting
|
0-0: Ball 1-0: Swinging Strike 1-1: Ball 2-1: Swinging Strike 2-2: Foul Ball, location: 2F 2-2: Foul Ball, location: 2F 2-2: Ball 3-2: Base on Balls
|
|
Pitching: LHP Alex Boites
|
|
|
Pinch Hitting: RHB Cyril Husson
|
0-0: Foul Ball, location: 2F 0-1: Foul Ball, location: 2F 0-2: Strikes out looking
|
| Top of the 5th over - 0 runs, 0 hits, 0 errors, 1 left on base; Minnesota 1 - Texas 4 |
| BOTTOM OF THE 5TH |
|
Texas Rangers batting - Pitching for Minnesota Twins : RHP Bill Rondeau
|
|
Pitching: RHP Ruben Requena
|
|
|
Now at 2B: Cyril Husson
|
|
|
Now in LF: Harris Vink
|
|
|
Batting: SHB Alvare Bairro
|
0-0: Ball 1-0: Ball 2-0: Foul Ball, location: 2F 2-1: Fly out, F7 (Flyball, 7, EV 73.8 MPH)
|
|
Pinch Hitting: RHB Chad Thompson
|
0-0: Ball 1-0: Ball 2-0: Swinging Strike 2-1: Fly out, F8 (Flyball, 78M, EV 78.8 MPH)
|
|
Batting: LHB Sean Geisler
|
0-0: Ball 1-0: Called Strike 1-1: Ground out 6-3 (Groundball, 6M, EV 87.5 MPH)
|
| Bottom of the 5th over - 0 runs, 0 hits, 0 errors, 0 left on base; Minnesota 1 - Texas 4 |
| TOP OF THE 6TH |
|
Minnesota Twins batting - Pitching for Texas Rangers : LHP Alex Boites
|
|
Pitching: LHP Jordan Ruiz
|
|
|
Now at C: Jeremy Boerman
|
|
|
Now at 1B: Reilly Hawkins
|
|
|
Now in LF: Chad Thompson
|
|
|
Pinch Hitting: LHB Chris Munguia
|
0-0: Ground out U3 (Groundball, 3, EV 88.1 MPH)
|
|
Batting: LHB Peer Derks
|
0-0: Ball 1-0: Called Strike 1-1: Foul Ball, location: 2F 1-2: Foul Ball, location: 2F 1-2: Foul Ball, location: 2F 1-2: Ground out 4-3 (Groundball, 4, EV 102.5 MPH)
|
|
Pinch Hitting: RHB Manuel Juarez
|
0-0: Swinging Strike 0-1: Called Strike 0-2: Ball 1-2: Ball 2-2: Fly out, F8 (Flyball, 78M, EV 82.5 MPH)
|
| Top of the 6th over - 0 runs, 0 hits, 0 errors, 0 left on base; Minnesota 1 - Texas 4 |
| BOTTOM OF THE 6TH |
|
Texas Rangers batting - Pitching for Minnesota Twins : RHP Ruben Requena
|
|
Now at 3B: Manuel Juarez
|
|
|
Now at SS: Manny Molina
|
|
|
Now in RF: Chris Munguia
|
|
|
Pinch Hitting: SHB Addick de Vries
|
0-0: Foul Ball, location: 2F 0-1: Ball 1-1: Ball 2-1: SINGLE (Line Drive, 4M, EV 97.5 MPH)
|
|
Pinch Hitting: RHB Danny Heyer
|
0-0: Called Strike 0-1: Grounds into double play, 4-6-3 (Groundball, 34S, EV 88.1 MPH)
|
|
Pinch Hitting: RHB Danny Murillo
|
0-0: Called Strike 0-1: Swinging Strike 0-2: Foul Ball, location: 2F 0-2: Foul Ball, location: 2F 0-2: Ball 1-2: Strikes out looking
|
| Bottom of the 6th over - 0 runs, 1 hit, 0 errors, 0 left on base; Minnesota 1 - Texas 4 |
| TOP OF THE 7TH |
|
Minnesota Twins batting - Pitching for Texas Rangers : LHP Jordan Ruiz
|
|
Now at 2B: Addick de Vries
|
|
|
Now at 3B: Danny Heyer
|
|
|
Now in RF: Danny Murillo
|
|
|
Batting: RHB Matt Dunn
|
0-0: Foul Ball, location: 2F 0-1: Called Strike 0-2: Ball 1-2: Strikes out swinging
|
|
Pinch Hitting: RHB José Molina
|
0-0: Called Strike 0-1: Ball 1-1: Ball 2-1: Ball 3-1: Ground out 4-3 (Groundball, 4M, EV 104.4 MPH)
|
|
Pinch Hitting: SHB Dan Morataya
|
0-0: Ball 1-0: Called Strike 1-1: Foul Ball, location: 2F 1-2: Ball 2-2: Foul Ball, location: 2F 2-2: SINGLE (Groundball, P, EV 79.4 MPH) (infield hit)
|
|
Pitching: RHP Gabe Baxter
|
|
|
Batting: SHB Manny Molina
|
0-0: Ball 1-0: Swinging Strike 1-1: Swinging Strike 1-2: Ball 2-2: Ball 3-2: Strikes out swinging
|
| Top of the 7th over - 0 runs, 1 hit, 0 errors, 1 left on base; Minnesota 1 - Texas 4 |
| BOTTOM OF THE 7TH |
|
Texas Rangers batting - Pitching for Minnesota Twins : RHP Ruben Requena
|
|
Pitching: LHP Nigel Turner
|
|
|
Now at 1B: José Molina
|
|
|
Now in CF: Dan Morataya
|
|
|
Batting: RHB Martin Guerrero
|
0-0: Called Strike 0-1: Ball 1-1: Foul Ball, location: 2F 1-2: Foul Ball, location: 2F 1-2: Foul Ball, location: 2F 1-2: Ground out U3 (Groundball, 34S, EV 86.2 MPH)
|
|
Batting: RHB Reilly Hawkins
|
0-0: Foul Ball, location: 2F 0-1: Ball 1-1: Foul Ball, location: 2F 1-2: Foul Ball, location: 2F 1-2: Ball 2-2: Ball 3-2: Foul Ball, location: 2F 3-2: Foul Ball, location: 2F 3-2: Foul Ball, location: 2F 3-2: Base on Balls
|
|
Pinch Hitting: RHB Mike Quackenbush
|
0-0: Fly out, F8 (Line Drive, 89M, EV 100.0 MPH)
|
|
Batting: RHB Jeremy Boerman
|
0-0: Ball Reilly Hawkins is caught stealing 2nd base 2-4
|
| Bottom of the 7th over - 0 runs, 0 hits, 0 errors, 0 left on base; Minnesota 1 - Texas 4 |
| TOP OF THE 8TH |
|
Minnesota Twins batting - Pitching for Texas Rangers : RHP Gabe Baxter
|
|
Pitching: RHP Isaburo Ishihara
|
|
|
Now at SS: Mike Quackenbush
|
|
|
Batting: LHB Harris Vink
|
0-0: Called Strike 0-1: Swinging Strike 0-2: Ball 1-2: Foul Ball, location: 2F 1-2: Strikes out swinging
|
|
Batting: RHB Cyril Husson
|
0-0: Called Strike 0-1: Ball 1-1: Foul Ball, location: 2F 1-2: Ball 2-2: Strikes out swinging
|
|
Batting: LHB Chris Munguia
|
0-0: Ball 1-0: Foul Ball, location: 2F 1-1: Called Strike 1-2: Strikes out swinging
|
| Top of the 8th over - 0 runs, 0 hits, 0 errors, 0 left on base; Minnesota 1 - Texas 4 |
| BOTTOM OF THE 8TH |
|
Texas Rangers batting - Pitching for Minnesota Twins : LHP Nigel Turner
|
|
Pitching: RHP Mark Case
|
|
|
Batting: RHB Jeremy Boerman
|
0-0: Ball 1-0: Ball 2-0: Foul Ball, location: 2F 2-1: Called Strike 2-2: Strikes out swinging
|
|
Batting: RHB Chad Thompson
|
0-0: Ball 1-0: Foul Ball, location: 2F 1-1: Fly out, F9 (Line Drive, 9, EV 100.6 MPH)
|
|
Batting: LHB Sean Geisler
|
0-0: Called Strike 0-1: Foul Ball, location: 2F 0-2: Ground out 4-3 (Groundball, 4D, EV 88.8 MPH)
|
| Bottom of the 8th over - 0 runs, 0 hits, 0 errors, 0 left on base; Minnesota 1 - Texas 4 |
| TOP OF THE 9TH |
|
Minnesota Twins batting - Pitching for Texas Rangers : RHP Isaburo Ishihara
|
|
Pitching: RHP Andrew Coker
|
|
|
Batting: LHB Peer Derks
|
0-0: Ball 1-0: Ball 2-0: Ball 3-0: Foul Ball, location: 2F 3-1: Called Strike 3-2: Strikes out swinging
|
|
Batting: RHB Manuel Juarez
|
0-0: Ball 1-0: Foul Ball, location: 2F 1-1: Foul Ball, location: 2F 1-2: Ball 2-2: Foul Ball, location: 2F 2-2: Strikes out swinging
|
|
Batting: RHB Matt Dunn
|
0-0: Ball 1-0: Ground out 6-3 (Groundball, 6, EV 101.2 MPH)
|
| Top of the 9th over - 0 runs, 0 hits, 0 errors, 0 left on base; Minnesota 1 - Texas 4 |
|